 Dungeon Crawl Stone Soup version 0.27-a0-1416-g941b2bd30b (webtiles) character file.

Game seed: 10876029718746960431

2334 night the Changer (level 9, 0/64 HPs)
             Began as an Octopode Transmuter on July 1, 2021.
             Was an Initiate of Gozag.
             Slain by Harold (6 damage)
             ... on level 7 of the Dungeon.
             The game lasted 00:18:01 (6476 turns).

night the Changer (Octopode Transmuter)             Turns: 6476, Time: 00:18:01

Health: 0/64       AC:  7    Str: 10    XL:     9   Next: 42%
Magic:  17/17      EV: 10    Int: 18    God:    Gozag
Gold:   564        SH:  0    Dex: 12    Spells: 3/19 levels left

rFire    x . .     SeeInvis .     - Unarmed
rCold    + + +     Faith    .   (shield currently unavailable)
rNeg     . . .     Spirit   .   (helmet currently unavailable)
rPois    +         Reflect  .   f - amulet of regeneration
rElec    .         Harm     .   (no ring)
rCorr    .         Rampage  .   (no ring)
Will     .....                  (no ring)
Stlth    +.........             (no ring)
HPRegen  1.20/turn              (no ring)
MPRegen  0.15/turn              (no ring)
                                (no ring)
                                (no ring)

@: ice-form, weak-willed, marked, gold aura
A: freezing attack, boosted hp, almost no armour, amphibious, 8 rings, large,
(camouflage 1), (gelatinous body 1), (nimble swimmer 1), (tentacles)
a: End Transformation, Renounce Religion, Potion Petition, Call Merchant, Bribe
Branch


You were on level 7 of the Dungeon.
You worshipped Gozag.
Gozag was pleased with you.
You were a creature of crystalline ice.
You visited 2 branches of the dungeon, and saw 9 of its levels.

You collected 691 gold pieces.
You paid 127 gold pieces to Gozag.

Inventory:

Missiles
 b - 28 poisoned darts (quivered)
 c - 173 stones
 d - 33 sling bullets
 j - 2 throwing nets
Armour
 e - a +0 buckler (melded)
 m - a +0 hat (melded)
Jewellery
 f - an amulet of regeneration (around neck)
 q - a ring of protection from fire
Wands
 n - a wand of iceblast (13)
 u - a wand of digging (5)
Scrolls
 i - a scroll of magic mapping
 k - a scroll of silence
 t - a scroll of amnesia
 v - a scroll of identify
Potions
 a - 5 potions of curing
 g - 2 potions of might
 h - a potion of invisibility
 l - 2 potions of degeneration {unknown}
 o - a potion of magic {unknown}
 s - a potion of heal wounds


   Skills:
 - Level 2.0 Fighting
 - Level 2.0 Dodging
 - Level 1.1 Shields
 + Level 6.9 Unarmed Combat
 + Level 5.9 Spellcasting
 * Level 7.9 Transmutations
 - Level 3.0 Ice Magic


You had 3 spell levels left.
You knew the following spells:

 Your Spells              Type           Power      Damage    Failure   Level
a - Beastly Appendage     Tmut           68%        N/A       1%          1
b - Ice Form              Ice/Tmut       25%        N/A       13%         4
c - Irradiate             Conj/Tmut      9%         3d16      54%         5
d - Statue Form           Tmut/Erth      12%        N/A       98%         6

Your spell library contained the following spells:

 Spells                   Type           Power      Damage    Failure   Level
 Wereblood                Tmut           34%        N/A       1%          2
 Sting                    Tmut/Pois      76%        1d6       2%          1
 Spider Form              Tmut/Pois      9%         N/A       7%          3
 Ensorcelled Hibernation  Hex/Ice        20%        N/A       10%         2
 Corona                   Hex            5%         N/A       12%         1
 Magic Dart               Conj           20%        1d4       12%         1
 Sandblast                Erth           10%        2d5       12%         1
 Shock                    Conj/Air       20%        1d4       12%         1
 Blink                    Tloc           N/A        N/A       19%         2
 Poisonous Vapours        Pois/Air       10%        N/A       19%         2
 Sublimation of Blood     Necr           2%         N/A       19%         2
 Dazzling Flash           Conj/Hex       10%        N/A       36%         3
 Lesser Beckoning         Tloc           2%         N/A       36%         3
 Tukima's Dance           Hex            5%         N/A       36%         3
 Petrify                  Tmut/Erth      19%        N/A       24%         4
 Olgreb's Toxic Radiance  Pois           5%         N/A       77%         4
 Agony                    Necr           5%         N/A       98%         5
 Lightning Bolt           Conj/Air       2%         1d14      98%         5
 Manifold Assault         Tloc           5%         N/A       98%         5
 Silence                  Hex/Air        2%         N/A       98%         5
 Chain Lightning          Conj/Air       2%         3d3       100%        9
 Fire Storm               Conj/Fire      2%         8d1       100%        9


Dungeon Overview and Level Annotations

Branches:
Dungeon (8/15)             Temple (1/1) D:5
   Lair: D:8-11

Altars:
Ashenzari
Cheibriados
Dithmenos
Elyvilon
Gozag
Makhleb
Okawaru
Qazlal
Ru
Sif Muna
Trog
Uskayaw
Vehumet
Wu Jian
Yredelemnul
Zin
The Shining One

Shops:
D:5 :

Annotations:
D:4 1 runed translucent door, totalnoob's ghost, amateur OgWz
D:5 2 transporters
D:7 Harold


Innate Abilities, Weirdness & Mutations

You are a creature of crystalline ice.
You have a powerful freezing melee attack.
Your maximum health is increased.
Your armour is entirely melded.
You are incapable of wielding weapons or throwing items.
You cannot wear most types of armour.
You are amphibious.
You can wear up to eight rings at the same time.
((Your skin changes colour to match your surroundings (Stealth+).))
((Your rubbery body absorbs attacks. (AC +1, EV +1)))
((You are camouflaged near water. (Stealth+)))
((You have tentacles for arms and can constrict up to eight enemies at once.))


Message History

Harold is heavily wounded.
Harold is no longer distracted by gold.
Harold shouts!
Aiming: Iceblast
Press: ? - help, Shift-Dir - straight line, f/p - Harold
Aim: Harold, wielding a +2 trident of distortion and wearing a +0 scale mail of poison resistance (heavily wounded, weak-willed)
The mass of ice explodes!
The iceblast engulfs Harold!
Harold is severely wounded.
Aiming: Iceblast
Press: ? - help, Shift-Dir - straight line, f/p - Harold
Aim: Harold, wielding a +2 trident of distortion and wearing a +0 scale mail of poison resistance (severely wounded, weak-willed)
The mass of ice explodes!
The iceblast engulfs Harold!
Harold is almost dead.
Harold hits you from afar with a +2 trident of distortion.
You blink.
Okay, then.
You can't do that in your present form.
Unknown command.
You are too injured to fight recklessly!
Harold drinks a potion.
Harold is healed!
Harold gestures at you while chanting. A sentinel's mark forms upon you.
A scorpion comes into view.
Harold hits you with a +2 trident of distortion!!
Space warps horribly around you!!
* * * LOW HITPOINT WARNING * * *
You hit Harold but do no damage.
Harold is severely wounded.
A bullfrog skeleton comes into view.
Harold gestures at you while chanting. The mark upon you grows brighter.
The bullfrog skeleton moves out of view.
You punch Harold! You freeze Harold.
Harold is almost dead.
Harold drinks a potion.
Harold is healed!
You hit Harold. You freeze Harold.
Harold is almost dead.
Harold hits you but does no damage. Space bends around you.
You die...
Your body crumbles into a pile of gold.

$...................#....
#......=..#..........####
#........$#..........# #
.......Z#.#.#........# #
...s.#..#.#.##.......#
.....+..#.#.##.......#
.....#..#$#.##.......#
... #...#.#.#........####
... #.s.Y@#..........#...
#.....#...:........##
#.........####.....#
+<......... #.#...# $
#........... #.#...#
+........### #.#)..#
#........# ..#..$#
#######..# ###...## ..#
.......


You could see Harold (weak-willed), a scorpion and a bullfrog skeleton.

Vanquished Creatures
  Pikel (D:3)
  Maggie (D:7)
  Sigmund (D:4)
  2 water moccasins (D:5)
  Duvessa (D:4)
  An orc warrior (D:5)
  An ogre (D:7)
  An ice beast (D:5)
  A centaur (D:6)
  A lemure (D:4)
  A bullfrog (D:5)
  A kobold brigand (D:7)
  A scorpion (D:5)
  Dowan (D:4)
  A killer bee (D:7)
  A howler monkey (D:5)
  A bullfrog zombie (D:5)
  A centaur zombie (D:8)
  A jelly (D:6)
  A bullfrog skeleton (D:7)
  3 orc priests (D:6)
  A hound (D:7)
  A centaur skeleton (D:5)
  2 iguanas
  An orc wizard (D:5)
  A howler monkey zombie (D:5)
  4 adders
  2 white imps
  A worm (D:2)
  2 dart slugs
  9 orcs
  4 ball pythons
  4 bats
  6 endoplasms
  2 giant cockroaches
  6 hobgoblins
  A quokka (D:3)
  3 frilled lizards
  9 goblins
  21 kobolds
  5 rats
109 creatures vanquished.

Notes
Turn   | Place    | Note
-------+----------+-------------------------------------------
     0 | D:1      | night the Octopode Transmuter began the quest for the Orb.
     0 | D:1      | Reached XP level 1. HP: 13/13 MP: 3/3
   206 | D:1      | HP: 1/13 [kobold (4)]
   718 | D:1      | Reached XP level 2. HP: 16/18 MP: 3/5
   789 | D:1      | Found a faded altar of an unknown god.
  1408 | D:2      | You fall into a shaft and drop 2 floors!
  1437 | D:3      | Found a bloodstained altar of Trog.
  1463 | D:3      | Reached XP level 3. HP: 23/23 MP: 6/6
  1903 | D:2      | Reached skill level 1 in Shields
  1903 | D:2      | Reached XP level 4. HP: 29/29 MP: 5/7
  1911 | D:2      | Learned a level 4 spell: Ice Form
  2585 | D:3      | Reached skill level 2 in Fighting
  3153 | D:4      | Found a sacrificial altar of Ru.
  3153 | D:4      | Noticed Pikel
  3153 | D:4      | Noticed a lemure
  3153 | D:4      | Noticed a lemure
  3153 | D:4      | Noticed a lemure
  3153 | D:4      | Noticed a lemure
  3168 | D:4      | Killed a lemure
  3176 | D:3      | Killed Pikel
  3177 | D:3      | Reached skill level 4 in Transmutations
  3177 | D:3      | Reached skill level 2 in Ice Magic
  3177 | D:3      | Reached XP level 5. HP: 20/34 MP: 7/10
  3177 | D:3      | Reached XP level 6. HP: 23/39 MP: 7/11
  3177 | D:3      | Reached XP level 7. HP: 27/45 MP: 7/12
  3260 | D:4      | Noticed Dowan
  3261 | D:4      | Noticed Duvessa
  3271 | D:4      | Killed Duvessa
  3283 | D:4      | Killed Dowan
  3319 | D:4      | Found a glowing silver altar of Zin.
  3478 | D:4      | You fall into a shaft and drop 2 floors!
  3486 | D:5      | Entered Level 5 of the Dungeon
  3526 | D:5      | Found a transporter.
  3540 | D:5      | Found a staircase to the Ecumenical Temple.
  3547 | Temple   | Entered the Ecumenical Temple
  3588 | Temple   | Became a worshipper of Gozag Ym Sagoz the Greedy
  3607 | D:5      | Reached skill level 5 in Unarmed Combat
  3622 | D:5      | Identified a scroll of acquirement
  3622 | D:5      | Acquired night's Collected Works on the Damaging Rocks
  3758 | D:5      | Reached skill level 5 in Transmutations
  3758 | D:5      | Reached XP level 8. HP: 50/50 MP: 5/14
  4026 | D:5      | Found a transporter.
  4078 | D:5      | Found Poadiene's Self-Improvement Boutique.
  4555 | D:5      | You fall into a shaft and drop 3 floors!
  4583 | D:8      | Reached skill level 6 in Transmutations
  4666 | D:7      | Noticed Maggie
  4689 | D:7      | Reached skill level 5 in Spellcasting
  4693 | D:7      | Killed Maggie
  4922 | D:4      | Noticed Sigmund
  4942 | D:4      | Killed Sigmund
  4943 | D:4      | Reached skill level 7 in Transmutations
  4943 | D:4      | Reached XP level 9. HP: 45/54 MP: 10/17
  5071 | D:4      | Found a runed translucent door.
  5076 | D:4      | Noticed totalnoob's ghost (amateur OgWz)
  5572 | D:6      | Learned a level 5 spell: Irradiate
  5579 | D:6      | Learned a level 6 spell: Statue Form
  6312 | D:7      | Found an iron altar of Okawaru.
  6444 | D:7      | Noticed Harold
  6473 | D:7      | HP: 3/64 [Harold (18)]
  6476 | D:7      | Slain by Harold

Illustrated notes

Levels and vault maps discovered:
D:1:      scummos_arrival_checkerplants, layout_loops_ring,
          basic_ecumenical_altar, minmay_split_cup_small
D:2:      minmay_kobold_bridge, layout_basic, kennysheep_generic_room_11
D:3:      layout_loops_ring, trog_hazing_becter
D:4:      layout_basic, zin_statuary, nicolae_overflow_crystal_walls,
          ebering_ghost_inner_flame, uniq_sigmund, uniq_duvessa, uniq_pikel
D:5:      gammafunk_cloud_chamber, layout_basic, minmay_temple_entry_arrows,
          serial_curves, eino_curves_03, eino_curves_04, eino_curves_01,
          nicolae_shop_self_help
D:6:      layout_rooms, serial_curves, eino_curves_02, eino_curves_04
D:7:      layout_basic, kennysheep_mini, amcnicky_altar_gilded,
          serial_co_window_serial, co_window_corner_a, co_window_corner_a,
          co_window_paths_a, co_window_corner_a, co_window_paths_a,
          co_window_paths_b, co_window_broadway_a, co_window_corner_cb,
          co_window_2corner, co_window_of_opportunity_c,
          co_window_of_opportunity_b, co_window_corner_b, glass_columns_c,
          glass_columns_a, glass_columns_a, glass_columns_b, glass_columns_a,
          uniq_maggie, uniq_harold
D:8:      layout_loops_cross, grunt_temple_overflow_open,
          nicolae_kikubaaqudgha_miasma_corner, erik_lair_orcish_takeover
Temple:   nicolae_temple_god_jail

Skill      XL: |  1  2  3  4  5  6  7  8 |
---------------+-------------------------+-----
Shields        | 1 |  1.1
Fighting       | 2 |  2.0
Unarmed Combat | 4 5 6 |  6.9
Spellcasting   | 3 4 5 |  5.9
Transmutations | 4 5 7 |  7.9
Ice Magic      | 2 3 |  3.0
Dodging        | |  2.0

Action                   |  1- 3 |  4- 6 |  7- 9 || total
-------------------------+-------+-------+-------++-------
Melee: Unarmed           |    84 |    61 |   145 ||   290
       Constrict         |    16 |    12 |     5 ||    33
       Tentacles         |    12 |    13 |     6 ||    31
       Kick              |    10 |     7 |     2 ||    19
       Punch             |     1 |     2 |     1 ||     4
Throw: Dart              |     8 |       |     1 ||     9
 Cast: Beastly Appendage |    19 |    11 |     3 ||    33
       Ice Form          |       |       |    19 ||    19
Evoke: Wand              |       |     3 |     9 ||    12
  Use: Scroll            |     3 |     4 |     6 ||    13
       Potion            |       |       |     3 ||     3
 Stab: Sleeping          |     6 |     3 |     1 ||    10
Armor: Skin              |     8 |     2 |    26 ||    36
Dodge: Dodged            |    45 |    21 |    79 ||   145
Block: Buckler           |     8 |    12 |     5 ||    25

Table legend: (Time is in decaauts)
 A = Elapsed time spent in this place.
 B = Non-inter-level travel time spent in this place.
 C = Inter-level travel time spent in this place.
 D = Time resting spent in this place.
 E = Time spent auto-exploring this place.
 F = Levels seen in this place.
 G = Mean time per level.
                   A        B        C        D        E       F      G
               +--------+--------+--------+--------+--------+-----+--------+
         Total |   6469 |   6161 |    308 |    406 |   4603 |   9 |  718.8 |
       Dungeon |   6414 |   6125 |    289 |    406 |   4569 |   8 |  801.8 |
        Temple |     55 |     36 |     19 |      0 |     34 |   1 |   55.0 |
               +--------+--------+--------+--------+--------+-----+--------+

Top non-repeatable levels by time:
     D:1: 1383 daAuts
     D:5: 1293 daAuts
     D:2: 954 daAuts
     D:3: 846 daAuts
     D:4: 826 daAuts
     D:6: 594 daAuts
     D:7: 432 daAuts
     D:8: 83 daAuts
  Temple: 55 daAuts
